Workbook

Sheet CDKOHSL

Sheet 汇总表
A1: 投标报价汇总表
A2: 标段: 大中型水库移民后期扶持巴林右旗西拉沐沦苏木沙布嘎嘎查团结小组至二村通村路建设项目 | D2: 货币单位：人民币元
A3: 序号 | B3: 章次 | C3: 科 目 名 称 | D3: 金额(元)
A4: 1 | B4: 100 | C4: 清单 第100章 总则 | D4: ='100章'!E22 -> 0
A5: 2 | B5: 200 | C5: 清单 第200章 路基 | D5: ='200章'!E22 -> 0
A6: 3 | B6: 300 | C6: 清单 第300章 路面 | D6: ='200章'!E22 -> 0
A7: 4 | B7: 400 | C7: 清单 第400章 桥梁、涵洞 | D7: ='400章'!E22 -> 0
A8: 5 | B8: 600 | C8: 清单 第600章 安全设施及预埋管线 | D8: ='600章'!E22 -> 0
A9: 6 | B9: 第100章至700章清单合计 | D9: =SUM(D4:D8) -> 0
A10: 7 | B10: 已包含在清单合计中的材料、工程设备、专业工程暂估价合计 | D10: 0
A11: 8 | B11: 清单合计减去材料、工程设备、专业工程暂估价 合计(即6-7)=8 | D11: =IF(D9=0,0,D9-D10) -> 0
A12: 9 | B12: 计日工合计 | D12: 0
A13: 10 | B13: 暂列金额（本项目不予考虑） | D13: 0
A14: 11 | B14: 投标报价(6+9+10)=11 | D14: =D9+D12+D13 -> 0

Sheet 说明
A1: 第五章 工程量清单
A2: 1. 工程量清单说明
A3: 1.1 本工程量清单是根据招标文件中包括的有合同约束力的工程量清单计量规则、图纸以及有关工程量清单的国家标准、行业标准、合同条款中约定的其他规则编制。约定计量规则中没有的子目，其工程量按照有合同约束力的图纸所标示尺寸的理论净量计算。计量采用中华人民共和国法定计量单位。
A4: 1.2 本工程量清单应与招标文件中的投标人须知，通用合同条款、专用合同条款、工程量清单计量规则、技术规范及图纸等一起阅读和理解。
A5: 1.3 本工程量清单中所列工程数量是估算的或设计的预计数量，仅作为投标报价的共同基础，不能作为最终结算与支付的依据。实际支付应按实际完成的工程量，由承包人按工程量清单计量规则规定的计量方法，以监理人认可的尺寸、断面计量，按本工程量清单的单价和总额价计算支付金额；或根据具体情况，按合同条款第15.4款的规定，按监理人确定的单价或总额价计算支付额。
A6: 1.4 工程量清单各章是按第八章“工程量清单计量规则”、第七章“技术规范”的相应章次编号的，因此，工程量清单中各章的工程子目的范围与计量等应与“工程量清单计量规则”、“技术规范”相应章节的范围、计量与支付条款结合起来理解或解释。
A7: 1.5 对作业和材料的一般说明或规定，未重复写入工程量清单内，在给工程量清单各子目标价前，应参阅第七章“技术规范”的有关内容。
A8: 1.6 工程量清单中所列工程量的变动，丝毫不会降低或影响合同条款的效力，也不免除承包人按规定的标准进行施工和修复缺陷的责任。
A9: 1.7 图纸中所列的工程数量表及数量汇总表仅是提供资料，不是工程量清单的外延。当图纸与工程量清单所列数量不一致时，以工程量清单所列数量作为报价的依据。
A10: 2. 投标报价的说明
A11: 2.1 工程量清单中的每一子目（有数量）须填入单价或价格，且只允许有一个报价。
A12: 2.2 除非合同另有规定，工程量清单中有标价的单价和总额价均已包括了为实施和完成合同工程所需的劳务、材料、机械、质检（自检）、安装、缺陷修复、管理、保险、税费、利润等费用，以及合同明示或暗示的所有责任、义务和一般风险。
... A22: 4.3本项目工程量清单已包含设计图纸中所示全部工作内容，设计图纸中已有但在工程量清单中未体现的工程，均视为已包含在工程量清单中相应子目单价或总额价中，发包人不再另行计量与支付。

Sheet 100章
A1: 工程量清单表
A2: 标段: 大中型水库移民后期扶持巴林右旗西拉沐沦苏木沙布嘎嘎查团结小组至二村通村路建设项目 | E2: 货币单位：人民币元
A3: 清单 第100章 总 则
A4: 子目号 | B4: 子 目 名 称 | C4: 单 位 | D4: 数 量 | E4: 单价 | F4: 合价
A5: 101 | B5: 通则 | F5: =IF(E5>0,ROUND(D5*E5,0),"")
A6: 102 | B6: 工程管理 | F6: =IF(E6>0,ROUND(D6*E6,0),"")
A7: 102-3 | B7: 安全生产费 | C7: 总额 | D7: 1 | F7: =D7*E7 -> 0
A8: 103 | B8: 临时工程与设施
A9: 103-1 | B9: 临时道路修建、养护与拆除(包括原道路的养护) | C9: 总额 | D9: 1 | F9: =D9*E9 -> 0
A10: 105 | B10: 施工标准化 | F10: =D10*E10 -> 0
A11: 105-3 | B11: 拌和站 | C11: 总额 | D11: 1 | F11: =D11*E11 -> 0
A22: 清单 第100章合计 人民币(元) | E22: =IF(E7=0,0,SUM(F5:F21)) -> 0

Sheet 200章
A1: 工程量清单
A2: 标段: 大中型水库移民后期扶持巴林右旗西拉沐沦苏木沙布嘎嘎查团结小组至二村通村路建设项目 | E2: 货币单位：人民币元
A3: 清单 第200章 路基
A4: 子目号 | B4: 子 目 名 称 | C4: 单 位 | D4: 数 量 | E4: 单价 | F4: 合价
A5: 203 | B5: 挖方路基 | F5: =IF(E5>0,ROUND(D5*E5,0),"")
A6: 203-1 | B6: 路基挖方 | F6: =IF(E6>0,ROUND(D6*E6,0),"")
A7: -a | B7: 挖土方 | C7: m3 | D7: 11507 | F7: =D7*E7 -> 0
A8: 204 | B8: 填方路基
A9: 204-1 | B9: 路基填筑(包括填前压实)
A10: -a | B10: 利用土方 | C10: m3 | D10: 1164 | F10: =D10*E10 -> 0
A11: -d | B11: 借土填方 | C11: m3 | D11: 708 | F11: =D11*E11 -> 0
A22: 清单 第200章合计 人民币(元) | E22: =SUM(F5:F21) -> 0

Sheet 300章
A1: 工程量清单
A2: 标段: 大中型水库移民后期扶持巴林右旗西拉沐沦苏木沙布嘎嘎查团结小组至二村通村路建设项目 | E2: 货币单位：人民币元
A3: 清单 第300章 路面
A4: 子目号 | B4: 子 目 名 称 | C4: 单 位 | D4: 数 量 | E4: 单价 | F4: 合价
A5: 302 | B5: 垫层 | F5: =IF(E5>0,ROUND(D5*E5,0),"")
A6: 302-1 | B6: 碎石土垫层 | F6: =IF(E6>0,ROUND(D6*E6,0),"")
A7: -a | B7: 厚300mm | C7: ㎡ | D7: 37365.6 | F7: =D7*E7 -> 0
A8: -b | B8: 厚200mm | C8: ㎡ | D8: 514.6 | F8: =D8*E8 -> 0
A9: -c | B9: 厚500mm | C9: ㎡ | D9: 247 | F9: =D9*E9 -> 0
A10: 312 | B10: 水泥混凝土面板
A11: 312-1 | B11: 水泥混凝土面板
A12: -a | B12: C30厚20cm水泥混凝土路面 | C12: m³ | D12: 5449.04 | F12: =D12*E12 -> 0
A13: 312-2 | B13: 钢筋
A14: -a | B14: 光圆钢筋(HPB235、HPB300) | C14: kg | D14: 3241.1 | F14: =D14*E14 -> 0
A15: 313 | B15: 路肩培土、中央分隔带回填土、土路肩加固及路缘石
A16: 313-1 | B16: 路肩培土
A17: -a | B17: 厚200mm碎石土培路肩 | C17: m³ | D17: 1584.6 | F17: =D17*E17 -> 0
A18: -b | B18: 厚200mm土培路肩 | C18: m³ | D18: 16.68 | F18: =D18*E18 -> 0
F19: =IF(E19>0,ROUND(D19*E19,0),"")
F20: =IF(E20>0,ROUND(D20*E20,0),"")
F21: =IF(E21>0,ROUND(D21*E21,0),"")
A22: 清单 第300章合计 人民币(元) | E22: =SUM(F5:F21) -> 0

Sheet 400章
A1: 工程量清单
A2: 标段: 大中型水库移民后期扶持巴林右旗西拉沐沦苏木沙布嘎嘎查团结小组至二村通村路建设项目 | E2: 货币单位：人民币元
A3: 清单 第400章 桥梁、涵洞
A4: 子目号 | B4: 子 目 名 称 | C4: 单 位 | D4: 数 量 | E4: 单价 | F4: 合价
A5: 419 | B5: 圆管涵及倒虹吸管涵 | F5: =IF(E5>0,ROUND(D5*E5,0),"")
A6: 419-1 | B6: 单孔钢筋混凝土圆管涵 | C6: m | D6: 16.51 | F6: =D6*E6 -> 0
F7: =IF(E7>0,ROUND(D7*E7,0),"")
F8: =IF(E8>0,ROUND(D8*E8,0),"")
F9: =IF(E9>0,ROUND(D9*E9,0),"")
F10: =IF(E10>0,ROUND(D10*E10,0),"")
F11: =IF(E11>0,ROUND(D11*E11,0),"")
F12: =IF(E12>0,ROUND(D12*E12,0),"")
F13: =IF(E13>0,ROUND(D13*E13,0),"")
F14: =IF(E14>0,ROUND(D14*E14,0),"")
F15: =IF(E15>0,ROUND(D15*E15,0),"")
F16: =IF(E16>0,ROUND(D16*E16,0),"")
F17: =IF(E17>0,ROUND(D17*E17,0),"")
F18: =IF(E18>0,ROUND(D18*E18,0),"")
... F21: =IF(E21>0,ROUND(D21*E21,0),"")
A22: 清单 第400章合计 人民币(元) | E22: =SUM(F5:F21) -> 0

Sheet 600章
A1: 工程量清单
A2: 标段: 大中型水库移民后期扶持巴林右旗西拉沐沦苏木沙布嘎嘎查团结小组至二村通村路建设项目 | E2: 货币单位：人民币元
A3: 清单 第600章 交通安全设施
A4: 子目号 | B4: 子 目 名 称 | C4: 单 位 | D4: 数 量 | E4: 单价 | F4: 合价
A5: 604 | B5: 道路交通标志 | F5: =IF(E5>0,ROUND(D5*E5,0),"")
A6: 604-1 | B6: 单柱式交通标志 | F6: =IF(E6>0,ROUND(D6*E6,0),"")
A7: -a | B7: △700 | C7: 个 | D7: 34 | F7: =D7*E7 -> 0
A8: -b | B8: 1700*900 | C8: 个 | D8: 2 | F8: =D8*E8 -> 0
A9: 604-14 | B9: 警标注 | C9: 个 | D9: 80 | F9: =D9*E9 -> 0
A22: 清单 第600章合计 人民币(元) | E22: =SUM(F5:F21) -> 0
